 Dungeon Crawl Stone Soup version 0.22.1-2-g9c5b331 (webtiles) character file.

278 JustSomeDude the Sneak (level 6, -5/47 HPs)
             Began as a Demonspawn Assassin on Jan 2, 2019.
             Was an Initiate of Dithmenos.
             Slain by an orc priest
             ... wielding a +0 war axe
              (10 damage)
             ... on level 5 of the Dungeon.
             The game lasted 00:09:23 (2880 turns).

JustSomeDude the Sneak (Demonspawn Assassin)        Turns: 2880, Time: 00:09:24

Health: -5/47      AC:  5    Str: 12    XL:     6   Next: 5%
Magic:  6/6        EV: 12    Int: 12    God:    Dithmenos [......]
Gold:   137        SH:  0    Dex: 16    Spells: 5/5 levels left

rFire    . . .     SeeInvis .   r - +1 dagger (venom)
rCold    . . .     Gourm    .   (no shield)
rNeg     . . .     Faith    .   i - +1 leather armour
rPois    .         Spirit   .   (no helmet)
rElec    .         Reflect  .   d - +0 cloak
rCorr    .         Harm     .   (no gloves)
MR       .....                  (no boots)
Stlth    +++.......             (no amulet)
HPRegen  0.15/turn              (no ring)
MPRegen  0.10/turn              (no ring)

@: no status effects
A: spiny 1, rot immunity
a: Renounce Religion


You were on level 5 of the Dungeon.
You worshipped Dithmenos.
Dithmenos was noncommittal.
You were not hungry.

You visited 2 branches of the dungeon, and saw 6 of its levels.

You collected 137 gold pieces.

Inventory:

Hand Weapons
 a - a +2 dagger
 b - a +0 blowgun
 r - a +1 dagger of venom (weapon)
Missiles
 e - 14 poisoned needles
 f - 2 curare-tipped needles
Armour
 c - a +0 robe
 d - a +0 cloak (worn)
 i - a +1 leather armour (worn)
Jewellery
 l - a +2 ring of intelligence {unknown}
Wands
 p - a wand of random effects (23)
Scrolls
 j - 7 scrolls of identify {unknown}
 k - 2 scrolls of immolation {unknown}
 q - a scroll of remove curse {unknown}
 t - a scroll of magic mapping {unknown}
 u - a scroll of fear {unknown}
Comestibles
 g - 9 rations
 h - 4 chunks of flesh


   Skills:
 + Level 3.3 Fighting
 + Level 3.1 Short Blades
 + Level 2.0 Throwing
 + Level 2.2 Armour
 + Level 1.7 Dodging
 + Level 4.6 Stealth


You had 5 spell levels left.
You didn't know any spells.
Your spell library contained the following spells:

 Spells                   Type           Power        Failure   Level  Hunger
 Summon Small Mammal      Summ           #...         38%         1    ##.....


Dungeon Overview and Level Annotations

Branches:
Dungeon (5/15)             Temple (1/1) D:5

Altars:
Ashenzari
Dithmenos
Kikubaaqudgha
Nemelex Xobeh
Okawaru
Ru
Sif Muna
Uskayaw
Vehumet
Wu Jian

Shops:
D:4 ?

Portals:
Sewer: D:5

Annotations:
D:4 Dowan, Duvessa


Innate Abilities, Weirdness & Mutations

You are partially covered in sharp spines.
You are immune to rotting.


Message History

It is a scroll of amnesia.
You feel forgetful for a moment.
The orc priest is struck by your spines.
The orc priest closely misses you.
The orc priest jeers loudly, as Orcs often do.
The orc priest hits you with a war axe.
* * * LOW HITPOINT WARNING * * *
As you read the scroll labeled PUALAD FOXAN, it crumbles to dust.
It is a scroll of enchant armour.
Your +0 leather armour glows green for a moment.
The orc priest is struck by your spines.
You kill the orc priest!
Dithmenos accepts your kill.
You have reached level 6!
Your experience leads to an increase in your attributes!
Increase (S)trength, (I)ntelligence, or (D)exterity?
You feel agile.
The orc priest is struck by your spines.
The orc priest hits you with a war axe!
You die...

#######.# #.#
........#####.# #
#######.....))###..##
##)######...... #.#
##..#≈.≈# ### #.#
#...≈≈≈≈≈ .># #.#
#.#≈≈≈≈≈≈ #.#
##.####.o≈≈≈≈≈≈ #.#
#......@.≈≈≈∩≈≈
##.#######......)o≈≈o≈≈≈
......)).........#≈s≈≈≈≈
##.#888###...<.#.o.≈≈≈≈≈
#.8...8##.....##..#...#
#...>.8#.....## #......
...8...8##(..## ###...
####888####.## .. #####
#.#


You could see an orc priest, 3 orcs and a giant cockroach.

Vanquished Creatures
  An orc wizard (D:5)
  3 orc priests
  Ijyb (D:3)
  3 gnolls (D:2)
  2 adders
  An ooze (D:2)
  3 worms
  2 dart slugs
  3 leopard geckos
  12 orcs
  A ball python (D:2)
  6 giant cockroaches
  4 goblins
  5 hobgoblins
  A quokka (D:3)
  2 bats
  3 frilled lizards
  7 kobolds
  10 rats
70 creatures vanquished.

Notes
Turn   | Place    | Note
-------+----------+-------------------------------------------
     0 | D:1      | JustSomeDude the Demonspawn Assassin began the quest for
                  | the Orb.
     0 | D:1      | Reached XP level 1. HP: 16/16 MP: 1/1
   150 | D:1      | Reached skill level 4 in Stealth
   159 | D:1      | Gained mutation: You are partially covered in sharp spines.
                  | [demonic ancestry]
   159 | D:1      | Reached XP level 2. HP: 14/22 MP: 2/2
   486 | D:2      | Found a radiant altar of Vehumet.
   494 | D:2      | Found an ancient bone altar of Kikubaaqudgha.
   520 | D:2      | Found a deep blue altar of Sif Muna.
   526 | D:2      | Identified Sif Muna's Collected Works on the Escort
   649 | D:2      | Reached XP level 3. HP: 21/27 MP: 3/3
   676 | D:2      | Reached skill level 1 in Dodging
   766 | D:2      | Reached XP level 4. HP: 24/34 MP: 4/4
  1119 | D:3      | Noticed Ijyb
  1168 | D:3      | Killed Ijyb
  1763 | D:3      | Reached skill level 1 in Armour
  1764 | D:3      | Gained mutation: You are immune to rotting. [demonic
                  | ancestry]
  1764 | D:3      | Reached XP level 5. HP: 20/41 MP: 5/5
  1839 | D:4      | Found Byeshre's Magic Scroll Boutique.
  1854 | D:4      | Found an ornate altar of the Wu Jian Council.
  2269 | D:4      | Noticed Duvessa
  2269 | D:4      | Noticed Dowan
  2475 | D:4      | Noticed a phantom
  2503 | D:5      | Entered Level 5 of the Dungeon
  2663 | D:5      | Found a staircase to the Ecumenical Temple.
  2674 | Temple   | Entered the Ecumenical Temple
  2685 | Temple   | Became a worshipper of Dithmenos the Shadowed
  2875 | D:5      | Found a glowing drain.
  2880 | D:5      | Reached XP level 6. HP: 5/47 MP: 6/6
  2880 | D:5      | Slain by an orc priest

Skill      XL: |  1  2  3  4  5 |
---------------+----------------+-----
Stealth        | 4 |  4.6
Throwing       | 2 |  2.0
Short Blades   | 2 3 |  3.1
Dodging        | 1 |  1.7
Armour         | 1 2 |  2.2
Fighting       | 3 |  3.3

Action                   |  1- 3 |  4- 6 || total
-------------------------+-------+-------++-------
Melee: Dagger            |   104 |   165 ||   269
  Use: Potion            |     1 |     6 ||     7
       Scroll            |       |     3 ||     3
 Stab: Sleeping          |     2 |     1 ||     3
       Distracted        |       |     1 ||     1
  Eat: Chunk             |       |     4 ||     4
       Ration            |       |     1 ||     1
Armor: Leather armour    |    18 |    19 ||    37
       Robe              |     1 |       ||     1
Dodge: Dodged            |    57 |    67 ||   124
